 Dungeon Crawl Stone Soup version 0.22-a0-307-g2b15929 (webtiles) character file.

154 Gorglomux the Ducker (level 5, -1/44 HPs)
             Began as a Minotaur Earth Elementalist on Apr 1, 2018.
             Slain by a worker ant (2 damage)
             ... on level 4 of the Dungeon.
             The game lasted 00:01:26 (3691 turns).

Gorglomux the Ducker (Minotaur Earth Elementalist)  Turns: 3691, Time: 00:01:27

Health: -1/44      AC:  3    Str: 14    XL:     5   Next: 13%
Magic:  6/6        EV: 13    Int: 12    God:
Gold:   160        SH:  0    Dex: 10    Spells: 5/6 levels left

rFire    . . .     SeeInvis .   k - +0 hand axe
rCold    . . .     Gourm    .   (no shield)
rNeg     . . .     Faith    .   c - +0 robe
rPois    .         Spirit   .   (helmet restricted)
rElec    .         Reflect  .   (no cloak)
rCorr    .         Harm     .   U - +0 pair of gloves (curse)
MR       .....                  (no boots)
Stlth    ++........             (no amulet)
HPRegen  0.14/turn              (no ring)
MPRegen  0.10/turn              (no ring)

@: lethally poisoned (-1 -> -4)
A: retaliatory headbutt, horns 2
a: no special abilities


You were on level 4 of the Dungeon.
You were not hungry.

You visited 1 branch of the dungeon, and saw 4 of its levels.

You collected 160 gold pieces.

Inventory:

Hand Weapons
 k - a +0 hand axe (weapon)
Missiles
 b - 127 stones (quivered)
 Z - 2 throwing nets
Armour
 c - a +0 robe (worn)
 U - a cursed +0 pair of gloves (worn)
Jewellery
 S - a +3 ring of protection {unknown}
 V - an uncursed amulet of regeneration {unknown}
Scrolls
 h - 2 scrolls of identify {unknown}
 m - a scroll of remove curse {unknown}
 n - 7 scrolls of teleportation {unknown}
 Y - a scroll of blinking {unknown}
Potions
 e - a potion of brilliance {unknown}
 i - 2 potions of ambrosia {unknown}
 j - a potion of curing {unknown}
 l - a potion of haste {unknown}
 T - a potion of invisibility {unknown}
 W - a potion of agility {unknown}
 X - a potion of mutation {unknown}
Comestibles
 d - 6 rations
 R - 3 chunks of flesh


   Skills:
 + Level 2.9 Fighting
 + Level 1.7 Axes
 + Level 3.0 Armour
 + Level 3.6 Dodging
 - Level 1.5 Stealth
 - Level 1.3 Spellcasting
   Level 0.7 Transmutations
 - Level 2.4 Earth Magic


You had 5 spell levels left.
You knew the following spells:

 Your Spells              Type           Power        Failure   Level  Hunger
a - Sandblast             Erth           #.....       11%         1    ##.....


Dungeon Overview and Level Annotations

Branches:
Dungeon (4/15)
 Temple: D:4-7

Altars:

Annotations:
D:4 Ijyb


Innate Abilities, Weirdness & Mutations

You reflexively headbutt those who attack you in melee.
You have a pair of horns on your head.


Message History

You feel butt!
The worker ant bites you! * * * don't die
* * * The howler monkey hits you! * * * don't die
* * * Ijyb closely misses you!
You barely miss Ijyb!
Ijyb is severely wounded!
You open the howler monkey like a pillowcase!
You closely miss the worker ant! The worker ant closely misses you!
The howler monkey misses you! Ijyb hits you! * * * don't die
* * * The worker ant misses you!
The howler monkey butt-ly misses you!
You closely miss Ijyb!
Butt is severely wounded!
You cut the worker ant into butts!
You chop the howler monkey into pieces! * * * don't die
* * * You feel sick!
Ijyb completely misses you!
The howler monkey hits you! * * * don't die
* * * The worker butt bites you! rip

#.# #.# .#####.###.# ##
.........#.. .#
######.#.#.# .# #...#.#
####.#### ######..#.#
#...?...#
#..........###(......#
#.#####......#...>...###
#....#....@g....(.
#........a.h...###
#.##.##...w....#
#.##.#.........#
..##.#..#.#.###.. ###
#........# ## #.........
.....####.#


You could see Ijyb, a worm, a howler monkey and a worker ant.

Vanquished Creatures
  7 adders
  3 oozes
  2 worms (D:2)
  A dart slug (D:3)
  3 leopard geckos
  2 ball pythons (D:1)
  8 bats
  4 giant cockroaches
  5 goblins
  8 hobgoblins
  5 jackals
  14 kobolds
  A quokka (D:3)
  A frilled lizard (D:1)
  2 rats
66 creatures vanquished.

Notes
Turn   | Place    | Note
-------+----------+-------------------------------------------
     0 | D:1      | Gorglomux the Minotaur Earth Elementalist began the quest for the Orb.
     0 | D:1      | Reached XP level 1. HP: 14/14 MP: 1/1
   448 | D:1      | Reached skill level 1 in Fighting
   448 | D:1      | Reached skill level 1 in Armour
   643 | D:1      | Reached XP level 2. HP: 20/23 MP: 3/3
  1013 | D:1      | Reached XP level 3. HP: 20/28 MP: 4/4
  1187 | D:2      | Reached skill level 3 in Dodging
  1672 | D:2      | Reached XP level 4. HP: 24/36 MP: 5/5
  2072 | D:3      | Reached skill level 1 in Axes
  2760 | D:3      | Reached XP level 5. HP: 29/44 MP: 6/6
  3673 | D:4      | Noticed Ijyb
  3683 | D:4      | Reached skill level 3 in Armour
  3691 | D:4      | HP: 1/44 [howler monkey (2)]
  3691 | D:4      | Slain by a worker ant

Vault maps used:
D:1:      matt_arrival_refuge
D:2:      first_ration, minmay_split_cup_large
D:3:      minmay_misc_feat_roman
D:4:      uniq_ijyb, uniq_edmund

Skill      XL: |  1  2  3  4  5 |
---------------+----------------+-----
Fighting       | 1 2 |  2.9
Armour         | 1 2 3 |  3.0
Dodging        | 3 |  3.6
Axes           | 1 |  1.7
Stealth        | |  1.5
Spellcasting   | |  1.3
Transmutations | |  0.7
Earth Magic    | |  2.4

Action                   |  1- 3 |  4- 6 || total
-------------------------+-------+-------++-------
Melee: Unarmed           |     9 |       ||     9
       Short sword       |    68 |       ||    68
       Headbutt          |    14 |     4 ||    18
       Hand axe          |    17 |    70 ||    87
 Cast: Sandblast         |     2 |     3 ||     5
 Stab: Sleeping          |     2 |     2 ||     4
  Eat: Chunk             |     2 |     7 ||     9
Armor: Robe              |    17 |    13 ||    30
Dodge: Dodged            |    81 |    76 ||   157

Table legend:
 A = Spawn XP
 B = Non-spawn XP
 C = Spawn XP percentage of total XP
 D = Spawn monster count
 E = Non-spawn monster count
 F = Spawn count percentage of total count
 G = Total turns spent on level
                    A         B        C        D         E        F      G
               +---------+---------+-------+---------+---------+-------+---------
         Total |       0 |     221 |   0.0 |       0 |      66 |   0.0 |  3691
               +---------+---------+-------+---------+---------+-------+---------
           D:1 |       0 |      50 |   0.0 |       0 |      24 |   0.0 |  1173
           D:2 |       0 |      67 |   0.0 |       0 |      20 |   0.0 |   860
           D:3 |       0 |      87 |   0.0 |       0 |      19 |   0.0 |  1508
           D:4 |       0 |      17 |   0.0 |       0 |       3 |   0.0 |   150
               +---------+---------+-------+---------+---------+-------+---------
